 Dungeon Crawl Stone Soup version 0.30-a0-3-gc9032a9cac (webtiles) character file.

Game seed: 16829473255569404827

9 BritishOli the Trooper (level 2, -2/24 HPs)
             Began as a Demonspawn Fighter on Aug 20, 2022.
             Frozen to death by an endoplasm (5 damage)
             ... on level 1 of the Dungeon.
             The game lasted 00:00:20 (574 turns).

BritishOli the Trooper (Demonspawn Fighter)          Turns: 574, Time: 00:00:21

Health: -2/24      AC:  6    Str: 16    XL:     2   Next: 6%
Magic:  2/2        EV:  8    Int:  9    God:
Gold:   0          SH:  4    Dex: 12    Spells: 1/1 levels left

rFire   . . .      SeeInvis .    a - +0 long sword
rCold   . . .      Faith    .    c - +0 buckler
rNeg    . . .      Spirit   .    b - +0 scale mail
rPois   .          Reflect  .    (no helmet)
rElec   .          Harm     .    (no cloak)
rCorr   .          Rampage  .    (no gloves)
Will    .....                    (no boots)
Stlth   ..........               (no amulet)
HPRegen 0.08/turn                (no ring)
MPRegen 0.08/turn                (no ring)

@: no status effects
A: powered by pain 1
a: no special abilities


You were on level 1 of the Dungeon.
You visited 1 branch of the dungeon, and saw 1 of its levels.

Inventory:

Hand Weapons
 a - a +0 long sword (weapon)
Armour
 b - a +0 scale mail (worn)
 c - a +0 buckler (worn)
Scrolls
 e - a scroll of identify {unknown}
Potions
 d - a potion of might


   Skills:
 + Level 3.1 Fighting
 + Level 2.0 Long Blades
 + Level 2.8 Armour
 + Level 2.9 Shields


You had one spell level left.
You didn't know any spells.
Your spell library was empty.

Dungeon Overview and Level Annotations

Branches:
Dungeon (1/15)

Altars:


Innate Abilities, Weirdness & Mutations

You sometimes gain a little power by taking damage.


Message History

No target in view!
No target in view!
No target in view!
No target in view!
An endoplasm comes into view.
The endoplasm quivers.
(D) Dungeon
Where to? (Enter - D:1 @ (x,y), ? - help)
An endoplasm is nearby!
Unknown command.
Unknown command.
You block the endoplasm's attack. The endoplasm closely misses you.
The endoplasm freezes you.
You are frozen.
The endoplasm hits you but does no damage.
The endoplasm hits you. The endoplasm freezes you.
You are frozen.
The endoplasm hits you but does no damage.
You block the endoplasm's attack.
The endoplasm hits you but does no damage.
The endoplasm hits you but does no damage.
The endoplasm freezes you.
You are frozen.
The endoplasm hits you.
The endoplasm hits you but does no damage.
The endoplasm closely misses you.
The endoplasm hits you but does no damage.
The endoplasm freezes you.
You are frozen.
* * * LOW HITPOINT WARNING * * *
The endoplasm freezes you.
You are frozen.
* * * LOW HITPOINT WARNING * * *
The endoplasm hits you but does no damage.
The endoplasm hits you but does no damage.
The endoplasm freezes you.
You are frozen.
You die...

##..<.##....# ##....# #.
##...###...# ##...# #.
##..# ##..# ##..# #.
##.# ##.# ##.# #.
###################.####
. ....(................
... #.........#........
.....#.........#........
......J@..#...##........
..........#.............
..........#.........#...
........................
.......####.........###.
...........##...........
.....##........#####....
..... #........# ##....
.........# #.....


You could see an endoplasm.

Vanquished Creatures
  A goblin (D:1)
  A hobgoblin (D:1)
  4 jackals (D:1)
  2 bats (D:1)
8 creatures vanquished.

Notes
Turn   | Place    | Note
-------+----------+-------------------------------------------
     0 | D:1      | BritishOli the Demonspawn Fighter began the quest for the
                  | Orb.
     0 | D:1      | Reached XP level 1. HP: 18/18 MP: 1/1
   401 | D:1      | Gained mutation: You sometimes gain a little power by
                  | taking damage. [demonic ancestry]
   401 | D:1      | Reached XP level 2. HP: 16/24 MP: 2/2
   574 | D:1      | Frozen to death by an endoplasm

Illustrated notes

Levels and vault maps discovered:
D:1:      dpeg_arrival_triangle_fractal, layout_basic, serial_park_tiny_pond

Skill      XL: |  1 |
---------------+----+-----
Long Blades    | 2 |  2.0
Fighting       | |  3.1
Armour         | |  2.8
Shields        | |  2.9

Action                   || total
-------------------------++-------
Melee: Long sword        ||    34
Armor: Scale mail        ||    45
Dodge: Dodged            ||    23
Block: Buckler           ||    15

Table legend: (Time is in decaauts)
 A = Elapsed time spent in this place.
 B = Non-inter-level travel time spent in this place.
 C = Inter-level travel time spent in this place.
 D = Time resting spent in this place.
 E = Time spent auto-exploring this place.
 F = Levels seen in this place.
 G = Mean time per level.
                   A        B        C        D        E       F      G
               +--------+--------+--------+--------+--------+-----+--------+
         Total |    585 |    545 |     40 |    269 |    188 |   1 |  585.0 |
       Dungeon |    585 |    545 |     40 |    269 |    188 |   1 |  585.0 |
               +--------+--------+--------+--------+--------+-----+--------+

Top non-repeatable levels by time:
     D:1: 585 daAuts
